 Dungeon Crawl Stone Soup version 0.26.1-11-gd32895ea62 (webtiles) character file.

Game seed: 9537317141910462773

481 infcreate the Grave Robber (level 6, 34/34 HPs)
             Began as a Vampire Necromancer on June 13, 2021.
             Quit the game on level 4 of the Dungeon.
             The game lasted 00:15:27 (4085 turns).

infcreate the Grave Robber (Vampire Necromancer)    Turns: 4085, Time: 00:15:27

Health: 34/34      AC:  7    Str:  7    XL:     6   Next: 87%
Magic:  11/11      EV: 14    Int: 18    God:
Gold:   124        SH:  0    Dex: 16    Spells: 2/11 levels left

rFire    . . .     SeeInvis +   c - +0 dagger
rCold    + + .     Faith    .   (no shield)
rNeg     + + +     Spirit   .   a - +0 robe
rPois    ∞         Reflect  .   (no helmet)
rElec    .         Harm     .   h - +0 cloak
rCorr    .         Rampage  .   (no gloves)
Will     .....                  (no boots)
Stlth    +++++.....             (no amulet)
HPRegen  0.11/turn              O - +4 ring of protection
MPRegen  0.12/turn              (no ring)

@: bloodless
A: fangs 3, see invisible, unbreathing
a: Bat Form, Revivify


You were on level 4 of the Dungeon.
You visited 1 branch of the dungeon, and saw 4 of its levels.

You collected 124 gold pieces.


Innate Abilities, Weirdness & Mutations

You do not regenerate when monsters are visible.
You are frail without blood (-20% HP).
You can heal yourself when you bite living creatures.
You are immune to poison.
You have razor-sharp teeth.
You have supernaturally acute eyesight. (SInv)
You can survive without breathing.


   Skills:
 + Level 1.6 Fighting
 + Level 2.2 Short Blades
 * Level 4.2 Dodging
 * Level 5.6 Stealth
 * Level 3.4 Spellcasting
 * Level 5.6 Necromancy


You had 2 spell levels left.
You knew the following spells:

 Your Spells              Type           Power        Failure   Level
a - Animate Skeleton      Necr           46%          1%          1
d - Animate Dead          Necr           11%          16%         4
p - Pain                  Necr           92%          1%          1
v - Vampiric Draining     Necr           11%          4%          3

Your spell library contained the following spells:

 Spells                   Type           Power        Failure   Level
 Agony                    Necr           23%          38%         5

Inventory:

Hand Weapons
 c - a +0 dagger (weapon)
Armour
 a - a +0 robe (worn)
 h - a +0 cloak (worn)
 n - a +0 pair of boots
Jewellery
 O - a +4 ring of protection (left hand)
Wands
 q - a wand of paralysis (9)
Scrolls
 b - 7 scrolls of identify {@r1}
 e - 3 scrolls of remove curse {@r2}
 f - a scroll of magic mapping
 j - 2 scrolls of amnesia
 k - a scroll of immolation {unknown}
 l - 2 scrolls of teleportation {@r4}
Potions
 d - 2 potions of attraction
 g - a potion of berserk rage {unknown}
 i - a potion of curing {unknown}
 m - 3 potions of heal wounds {unknown}
 o - a potion of flight {unknown}
 p - a potion of lignification {unknown}

Dungeon Overview and Level Annotations

Branches:
Dungeon (4/15)
 Temple: D:4-7

Altars:

Annotations:
D:3 Sigmund

..#.#.##..#............#.##.##...
..............(..................
..#.#.##.................##.##...
......##..#......##.#............
.................##.#.########.#.
...............#.##.#.# **,#,
..........#.#.##.##.#.#######,,,,
..........#............^.....,,*,
#.#####...#.#.##@##.#.#######***,
#.# #..##.#.##.##.#.# *,,,,,,,,
#.# #..##.#.##.##...# *********
#.# ##.##.#,*#.###### ###
###*##**###


There were no monsters in sight!


Message History

The hound zombie bites you but does no damage.
You hit the hound zombie.
The hound zombie is heavily damaged.
The hound zombie completely misses you.
The hound zombie bites you but does no damage.
You hit the hound zombie.
The hound zombie is severely damaged.
The hound zombie misses you.
You hit the hound zombie.
The hound zombie is severely damaged.
The hound zombie closely misses you.
You barely miss the hound zombie. You bite the hound zombie.
The hound zombie is almost destroyed.
The hound zombie misses you.
You hit the hound zombie.
You destroy the hound zombie!
No target in view!
You start resting.
HP restored.
Found a stone staircase leading down.
A leopard gecko comes into view.
You see here a scroll of remove curse {@r2}.
e - 3 scrolls of remove curse {@r2} (gained 1)
The leopard gecko hisses angrily.
The leopard gecko writhes in agony.
The leopard gecko writhes in agony.
You kill the leopard gecko!
As you read the scroll labelled UPOICL KOUWUMI, it crumbles to dust.
You feel aware of your surroundings.
It was a scroll of magic mapping.
Are you sure you want to abandon this character and quit the game? (Confirm with "yes".)

Skill      XL: |  1  2  3  4  5  6 |
---------------+-------------------+-----
Short Blades   | 1 2 |  2.2
Dodging        | 3 4 |  4.2
Stealth        | 4 5 |  5.6
Fighting       | 1 |  1.6
Necromancy     | 5 |  5.6
Spellcasting   | 3 |  3.4

Action                   |  1- 3 |  4- 6 || total
-------------------------+-------+-------++-------
Melee: Dagger            |    13 |    84 ||    97
       Bite              |       |    10 ||    10
 Cast: Pain              |    20 |   121 ||   141
       Vampiric Draining |       |     3 ||     3
 Abil: Exsanguinate      |     1 |       ||     1
  Use: Scroll            |       |     7 ||     7
 Stab: Sleeping          |    10 |    14 ||    24
Armor: Robe              |     2 |    22 ||    24
Dodge: Dodged            |     7 |    82 ||    89

Levels and vault maps discovered:
D:1:      eino_arrival_cavern_a, layout_basic
D:2:      layout_loops_ring, minivault_27, uniq_natasha
D:3:      layout_rooms, uniq_jessica, uniq_sigmund
D:4:      layout_basic

Notes
Turn   | Place    | Note
-------+----------+-------------------------------------------
     0 | D:1      | infcreate the Vampire Necromancer began the quest for the
                  | Orb.
     0 | D:1      | Reached XP level 1. HP: 13/13 MP: 3/3
   429 | D:1      | Reached XP level 2. HP: 12/15 MP: 3/5
   431 | D:1      | Learned a level 1 spell: Animate Skeleton
   861 | D:2      | Noticed Natasha
   866 | D:2      | Killed Natasha
   867 | D:2      | Reached skill level 1 in Short Blades
   867 | D:2      | Reached XP level 3. HP: 20/20 MP: 1/6
   958 | D:2      | Noticed Natasha
  1103 | D:2      | Killed Natasha
  1104 | D:2      | Reached skill level 3 in Dodging
  1104 | D:2      | Reached skill level 4 in Stealth
  1104 | D:2      | Reached XP level 4. HP: 16/24 MP: 0/7
  1238 | D:2      | Noticed Natasha
  1598 | D:2      | Killed Natasha
  1599 | D:2      | Reached skill level 1 in Fighting
  1599 | D:2      | Reached skill level 5 in Necromancy
  1599 | D:2      | Reached XP level 5. HP: 21/29 MP: 1/9
  1683 | D:2      | Learned a level 3 spell: Vampiric Draining
  2399 | D:3      | Noticed Jessica
  2402 | D:3      | Killed Jessica
  2440 | D:3      | Noticed Sigmund
  2638 | D:2      | Reached skill level 3 in Spellcasting
  2857 | D:3      | Reached skill level 5 in Stealth
  2904 | D:3      | Reached XP level 6. HP: 34/34 MP: 2/10
  3758 | D:4      | Reached skill level 2 in Short Blades
  3758 | D:4      | Reached skill level 4 in Dodging
  3810 | D:4      | Learned a level 4 spell: Animate Dead
  4085 | D:4      | Quit the game

Vanquished Creatures
  An ogre (D:4)
  An orc priest (D:3)
  Jessica (D:3)
  An iguana (D:4)
  Natasha (thrice) (D:2)
  A worker ant (D:4)
  A hound zombie (D:4)
  10 adders
  2 oozes (D:3)
  2 worms (D:3)
  5 dart slugs
  A leopard gecko (D:4)
  19 orcs (D:3)
  2 ball pythons
  6 giant cockroaches
  A goblin (D:1)
  3 hobgoblins
  A quokka (D:2)
  8 bats
  2 frilled lizards
  7 kobolds
  5 rats
83 creatures vanquished.

Table legend: (Time is in decaauts)
 A = Elapsed time spent in this place.
 B = Non-inter-level travel time spent in this place.
 C = Inter-level travel time spent in this place.
 D = Time resting spent in this place.
 E = Time spent auto-exploring this place.
 F = Levels seen in this place.
 G = Mean time per level.
                   A        B        C        D        E       F      G
               +--------+--------+--------+--------+--------+-----+--------+
         Total |   4096 |   3703 |    393 |   1542 |      0 |   4 | 1024.0 |
       Dungeon |   4096 |   3703 |    393 |   1542 |      0 |   4 | 1024.0 |
               +--------+--------+--------+--------+--------+-----+--------+

Top non-repeatable levels by time:
     D:3: 1580 daAuts
     D:2: 1358 daAuts
     D:1: 725 daAuts
     D:4: 432 daAuts

Table legend:
 A = Non-vault XP
 B = Vault XP
 C = Vault XP percentage of total XP
 D = Non-vault monster count
 E = Vault monster count
 F = Vault count percentage of total count
                 A         B        C        D         E       F
            +---------+---------+-------+---------+---------+-------
      Total |     616 |      72 |  10.5 |      81 |       2 |   2.4
            +---------+---------+-------+---------+---------+-------
        D:1 |      19 |       0 |   0.0 |      11 |       0 |   0.0
        D:2 |     167 |      35 |  17.3 |      21 |       1 |   4.5
        D:3 |     184 |      37 |  16.7 |      42 |       1 |   2.3
        D:4 |     246 |       0 |   0.0 |       7 |       0 |   0.0
            +---------+---------+-------+---------+---------+-------
